 Dungeon Crawl Stone Soup version 0.23.2-1-ga50397a (webtiles) character file.

Game seed: 10911563467436331194

710 Fang the Skirmisher (level 7, -2/44 HPs)
             Began as a Gargoyle Berserker on Apr 24, 2019.
             Was a Believer of Trog.
             Killed by divine providence
             ... invoked by an orc priest
              (11 damage)
             ... on level 4 of the Dungeon.
             The game lasted 00:02:58 (3584 turns).

Fang the Skirmisher (Gargoyle Berserker)            Turns: 3584, Time: 00:02:58

Health: -2/44      AC: 22    Str: 22    XL:     7   Next: 68%
Magic:  7/7        EV:  7    Int:  8    God:    Trog [**....]
Gold:   138        SH:  0    Dex:  9    Spells: 6/6 levels left

rFire    . . .     SeeInvis .   a - +0 war axe
rCold    + . .     Gourm    .   (no shield)
rNeg     + + .     Faith    .   b - +0 plate armour
rPois    ∞         Spirit   .   (no helmet)
rElec    +         Reflect  .   w - +2 cloak
rCorr    .         Harm     .   r - +1 pair of gloves
MR       .....                  (no boots)
Stlth    ..........             (no amulet)
HPRegen  0.14/turn              g - ring of positive energy
MPRegen  0.10/turn              q - ring of protection from cold

@: no status effects
A: negative energy resistance 1, electricity resistance, unbreathing,
petrification resistance, rot immunity, AC +4
a: Berserk, Trog's Hand, Renounce Religion


You were on level 4 of the Dungeon.
You worshipped Trog.
Trog was pleased with you.
You were not hungry.

You visited 1 branch of the dungeon, and saw 4 of its levels.

You collected 138 gold pieces.

Inventory:

Hand Weapons
 a - a +0 war axe (weapon)
Armour
 b - a +0 plate armour (worn)
 r - a +1 pair of gloves (worn)
 w - a +2 cloak (worn)
Jewellery
 g - a ring of positive energy (left hand)
 q - a ring of protection from cold (right hand)
 v - an uncursed ring of stealth {unknown}
 y - a cursed -3 ring of intelligence {unknown}
Wands
 n - a wand of iceblast (15)
Scrolls
 d - a scroll of noise {unknown}
 e - 2 scrolls of amnesia {unknown}
 i - 3 scrolls of enchant armour {unknown}
 k - a scroll of magic mapping {unknown}
 l - a scroll of identify {unknown}
 m - 2 scrolls of remove curse {unknown}
 o - a scroll of immolation {unknown}
 p - 2 scrolls of fear {unknown}
 u - 4 scrolls of teleportation {unknown}
 x - 2 scrolls of blinking {unknown}
Potions
 f - a potion of haste {unknown}
 h - 2 potions of curing {unknown}
 j - 2 potions of agility {unknown}
 s - 2 potions of might {unknown}
 t - a potion of flight {unknown}
 A - a potion of invisibility {unknown}
Comestibles
 c - 3 rations
 z - 10 chunks of flesh


   Skills:
 + Level 5.6 Fighting
 + Level 4.6 Axes
 + Level 4.8 Armour
 + Level 3.6 Dodging


You had 6 spell levels left.
You didn't know any spells.
Your spell library was empty.

Dungeon Overview and Level Annotations

Branches:
Dungeon (4/15)
 Temple: D:4-7

Altars:
Uskayaw
The Shining One


Innate Abilities, Weirdness & Mutations

You are resistant to torment.
Your stone body is resilient. (AC +4)
You are immune to poison.
You resist negative energy. (rN+)
You are resistant to electric shocks. (rElec)
You can survive without breathing.
You are immune to petrification.
You are immune to rotting.


Message History

You are too injured to fight recklessly!
You are too injured to fight recklessly!
You are too injured to fight recklessly!
You are too injured to fight recklessly!
You are too injured to fight recklessly!
You are too injured to fight recklessly!
You are too injured to fight recklessly!
You are too injured to fight recklessly!
You are too injured to fight recklessly!
You are too injured to fight recklessly!
You are too injured to fight recklessly!
You are too injured to fight recklessly!
You hit the orc priest.
The orc priest is almost dead.
The orc priest hits you but does no damage.
You closely miss the orc priest.
The orc priest is almost dead.
The orc priest mumbles some strange prayers to Beogh against you.
Beogh smites you!
You die...

.###### #. #####. #.....
##.....#####
...........#
...........#############
......o.................
......)@...#############
......)...[#
...........#
............#
............#
###########.# .# .#


You could see an orc priest.

Vanquished Creatures
  Pikel (D:4)
  2 slaves (D:4)
  A crimson imp (D:3)
  An orc priest (D:4)
  An orc wizard (D:4)
  4 adders
  8 gnolls
  2 worms (D:2)
  A dart slug (D:1)
  2 leopard geckos
  7 orcs (D:4)
  2 bats
  A giant cockroach (D:2)
  4 goblins
  8 hobgoblins
  A quokka (D:3)
  2 frilled lizards
  7 kobolds
  A quokka skeleton (D:4)
  5 rats
61 creatures vanquished.

Vanquished Creatures (others)
  An adder (D:4)
1 creature vanquished.

Grand Total: 62 creatures vanquished

Notes
Turn   | Place    | Note
-------+----------+-------------------------------------------
     0 | D:1      | Fang the Gargoyle Berserker began the quest for the Orb.
     0 | D:1      | Reached XP level 1. HP: 14/14 MP: 1/1
   213 | D:1      | Reached XP level 2. HP: 2/19 MP: 2/2
   622 | D:1      | You fall through a shaft!
   691 | D:2      | Reached XP level 3. HP: 8/23 MP: 3/3
  1451 | D:2      | Reached XP level 4. HP: 29/29 MP: 4/4
  1458 | D:2      | Reached skill level 4 in Fighting
  1710 | D:2      | Reached ** piety under Trog
  2317 | D:3      | Reached XP level 5. HP: 33/33 MP: 5/5
  2633 | D:3      | Found a glowing golden altar of the Shining One.
  2765 | D:3      | Noticed a +0 dagger
  2801 | D:3      | Noticed a +0 dagger
  2804 | D:3      | Found a hide-covered altar of Uskayaw.
  2931 | D:4      | Noticed a slave
  2932 | D:4      | Noticed Pikel
  2932 | D:4      | Noticed a slave
  2932 | D:4      | Noticed a slave
  2933 | D:4      | Noticed a slave
  2946 | D:4      | Killed a slave
  2947 | D:4      | Killed a slave
  2950 | D:4      | Killed Pikel
  2950 | D:4      | Reached skill level 5 in Fighting
  2950 | D:4      | Reached XP level 6. HP: 8/40 MP: 6/6
  2950 | D:4      | Reached XP level 7. HP: 9/44 MP: 7/7
  3584 | D:4      | Killed from afar by an orc priest

Skill      XL: |  1  2  3  4  5 |
---------------+----------------+-----
Axes           | 3 4 |  4.6
Dodging        | 2 3 |  3.6
Fighting       | 4 5 |  5.6
Armour         | 3 4 |  4.8

Action                   |  1- 3 |  4- 6 |  7- 9 || total
-------------------------+-------+-------+-------++-------
Melee: Hand axe          |    96 |    65 |       ||   161
       War axe           |       |    38 |    26 ||    64
Invok: Berserk           |     1 |     3 |       ||     4
  Eat: Chunk             |     3 |     7 |       ||    10
       Ration            |       |       |     1 ||     1
Armor: Animal skin       |    24 |    31 |       ||    55
       Plate armour      |       |    24 |    30 ||    54
Dodge: Dodged            |    67 |    78 |    18 ||   163
